 Dungeon Crawl Stone Soup version 0.32-a0-543-gefe97123c3 (webtiles) character file.

Game seed: 14516899461980661389

29628 IndexError the Destroyer (level 13, -2/133 HPs)
             Began as an Oni Conjurer on Feb 29, 2024.
             Was the Champion of the Shining One.
             Slain by an orc knight
             ... wielding a +2 great sword of holy wrath
              (25 damage)
             ... on level 2 of the Orcish Mines.
             The game lasted 00:55:55 (18774 turns).

IndexError the Destroyer (Oni Conjurer)            Turns: 18774, Time: 00:55:56

Health: -2/133     AC: 12    Str: 16    XL:     13   Next: 46%
Magic:  11/36      EV:  9    Int: 25    God:    the Shining One [******]
Gold:   1665       SH:  0    Dex:  8    Spells: 16/32 levels left

rFire   + . .        l - +1 dagger of Nightmares {heavy, *Slow Int+2 Dex+5}
rCold   . . .        (no shield)
rNeg    + + +        M - +0 troll leather armour {regen}
rPois   .            (helmet restricted)
rElec   .            P - +2 cloak {rCorr}
rCorr   +            (gloves unavailable)
SInv    .            (boots unavailable)
Will    ++...        F - amulet of Bixzagg {Acrobat rF+ Will+ Str+2 Dex-4}
Stlth   +            x - +4 ring of protection
HPRegen 1.22/turn    y - ring of magical power {MP+9}
MPRegen 0.25/turn

%: slow self (1%), acrobat
@: hasted, glowing, very quick
A: large, unfitting armour, horns 1, tough skin 1, double potion healing,
drunken brawling
a: Renounce Religion, Divine Shield, Cleansing Flame, Summon Divine Warrior,
Brand Weapon With Holy Wrath


You were on level 2 of the Orcish Mines.
You worshipped the Shining One.
The Shining One was exalted by your worship.
You visited 2 branches of the dungeon, and saw 14 of its levels.
You also visited: Bailey.

You collected 1665 gold pieces.

Inventory:

Hand Weapons
 l - the +1 dagger of Nightmares (weapon) {heavy, *Slow Int+2 Dex+5}
   (You found it on level 2 of the Dungeon)

   Int+2:     It affects your intelligence (+2).
   Dex+5:     It affects your dexterity (+5).
   *Slow:     It may slow you when you take damage.
 D - a +7 battleaxe
   (You took it off an orc warlord in a bailey)
Missiles
 f - 9 poisoned darts
 p - 5 javelins
 K - 2 throwing nets {=f, !d}
 L - 5 curare-tipped darts
 Q - 5 large rocks {!d}
Armour
 M - a +0 troll leather armour (worn) {regen}
   (You found it on level 11 of the Dungeon)
 P - a +2 cloak of preservation (worn)
   (You took it off Maurice on level 12 of the Dungeon)
Magical Staves
 a - a staff of fire {rF+}
   (You found it on level 11 of the Dungeon)
 k - a staff of alchemy
   (You found it on level 12 of the Dungeon)
 E - a staff of earth
   (You found it in a bailey)
 G - a staff of cold {rC+}
   (You found it in a bailey)
Jewellery
 i - a ring of protection from cold {rC+, !d}
   (You took it off an orc on level 3 of the Dungeon)
 n - a ring of ice {rC+, rF-}
   (You found it on level 2 of the Dungeon)
 v - a ring of fire {rF+, rC-}
   (You found it on level 10 of the Dungeon)
 w - a ring of flight {+Fly, !d}
   (You found it on level 4 of the Dungeon)
 x - a +4 ring of protection (left hand)
   (You found it on level 5 of the Dungeon)
 y - a ring of magical power (right hand) {MP+9}
   (You found it on level 5 of the Dungeon)
 F - the amulet of Bixzagg (around neck) {Acrobat rF+ Will+ Str+2 Dex-4}
   (You acquired it on level 7 of the Dungeon)

   [amulet of the acrobat]

   Acrobat:   It increases your evasion while moving and waiting.
   Str+2:     It affects your strength (+2).
   Dex-4:     It affects your dexterity (-4).
   rF+:       It protects you from fire.
   Will+:     It increases your willpower.
Wands
 t - a wand of iceblast (15)
   (You found it on level 4 of the Dungeon)
 I - a wand of flame (28)
   (You found it on level 10 of the Dungeon)
 J - a wand of quicksilver (10)
   (You found it on level 11 of the Dungeon)
 N - a wand of polymorph (3)
   (You found it on level 11 of the Dungeon)
 O - a wand of charming (5)
   (You took it off Urug on level 11 of the Dungeon)
Scrolls
 c - a scroll of blinking {!r}
 e - 4 scrolls of teleportation
 g - a scroll of enchant armour
 m - a scroll of brand weapon
 o - 3 scrolls of immolation {!r}
 q - 6 scrolls of fear {unknown}
 z - 5 scrolls of fog
 A - 2 scrolls of vulnerability {!r!r}
 B - 3 scrolls of enchant weapon
Potions
 b - 2 potions of magic
 d - 2 potions of heal wounds
 h - 5 potions of curing {unknown}
 j - 4 potions of enlightenment
 r - 2 potions of haste
 s - 5 potions of mutation {unknown}
 u - 3 potions of might
 C - 2 potions of brilliance
 H - 4 potions of resistance


   Skills:
 - Level 10.0 Fighting
 + Level 9.1 Armour
 - Level 1.7 Dodging
 - Level 1.4 Stealth
 - Level 10.0 Spellcasting
 - Level 13.0 Conjurations
 - Level 12.0 Invocations


You had 16 spell levels left.
You knew the following spells:

 Your Spells              Type           Power      Damage    Failure   Level
a - Magic Dart            Conj           100%       1d8       1%          1
b - Searing Ray           Conj           100%       2d8       1%          2
c - Fulminant Prism       Conj/Alch      22%        3d12      3%          4
x - Iskenderun's Mystic   Conj/Tloc      45%        2d10      3%          4
z - Iskenderun's Battles  Conj           67%        2d12      1%          5

Your spell library contained the following spells:

 Spells                   Type           Power      Damage    Failure   Level
 Shock                    Conj/Air       100%       1d9       1%          1
 Static Discharge         Conj/Air       90%        3-7/arc   1%          2
 Hailstorm                Conj/Ice       45%        3d10      1%          3
 Brom's Barrelling Bould  Conj/Erth      45%        2d6       3%          4
 Flame Wave               Conj/Fire      45%        2d12      3%          4
 Arcjolt                  Conj/Air       22%        1d32      11%         5
 Fireball                 Conj/Fire      22%        3d10      11%         5
 Fugue of the Fallen      Necr           12%        N/A       17%         3
 Inner Flame              Hex/Fire       12%        N/A       17%         3
 Ozocubu's Armour         Ice            12%        N/A       17%         3
 Swiftness                Air            12%        N/A       17%         3
 Orb of Destruction       Conj           33%        9d10      22%         7
 Airstrike                Air            6%         2d(1-17)  50%         4
 Manifold Assault         Tloc           12%        N/A       50%         4
 Sticky Flame             Fire/Alch      12%        2d5       50%         4
 Summon Lightning Spire   Summ/Air       12%        N/A       50%         4
 Conjure Ball Lightning   Conj/Air       22%        3x3d6     52%         6
 Starburst                Conj/Fire      22%        6d8       52%         6


Dungeon Overview and Level Annotations

Branches:
Dungeon (12/15)            Temple (0/1) D:6            Lair (0/5) D:8
    Orc (2/2) D:11            Elf (0/3) Orc:2        Bailey (visited)

Altars:
Ashenzari
Cheibriados
Elyvilon
Makhleb
Okawaru
Wu Jian
Zin
The Shining One
Beogh

Shops:
D:2 (*   Orc:1 *   Orc:2 *

Annotations:
Orc:1 Jorgrun


Innate Abilities, Weirdness & Mutations

You are too large for most types of armour.
You have a pair of small horns on your head.
You have tough skin. (AC +1)
You gain doubled healing and magic from potions.
Whenever you drink a healing potion, you attack all around you.


Message History

Your battlesphere fires!
The barrage of energy hits the orc knight!
The orc knight goes into a battle-frenzy!
An orc comes into view. It is wielding a +0 falchion.
You now have 29/36 mp.
The magic dart hits the orc knight but does no damage.
Your battlesphere fires!
The barrage of energy hits the orc knight!
The magic dart hits the orc knight but does no damage.
Your battlesphere fires!
The barrage of energy hits the orc knight!
Your battlesphere expends the last of its energy and dissipates.
You now have 28/36 mp.
The magic dart hits the orc knight but does no damage.
The magic dart hits the orc knight.
The orc knight shouts!
You now have 26/36 mp.
Casting: Magic Dart (safe; 1% risk of failure)
Confirm with . or Enter, or press ? or * to list all spells.
You conjure a globe of magical energy.
The orc knight hits you with a +0 great mace!
You take 10 damage, and have 123/133 hp.
You now have 22/36 mp.
The magic dart hits the orc knight but does no damage.
Your battlesphere fires!
The barrage of energy hits the orc.
The orc knight hits you with a +0 great mace!!!
You take 46 damage, and have 77/133 hp.
MASSIVE DAMAGE!!
You now have 21/36 mp.
You are too injured to fight recklessly!
Casting: Magic Dart (safe; 1% risk of failure)
Confirm with . or Enter, or press ? or * to list all spells.
You erupt in a blast of force!
The mystic blast hits the orc!
The mystic blast hits the orc knight.
The orc knight is knocked back by the mystic blast.
The mystic blast hits the orc knight!
The orc knight is knocked back by the mystic blast.
Your battlesphere fires!
The barrage of energy hits the orc knight.
You now have 17/36 mp.
Casting: Iskenderun's Mystic Blast (mildly dangerous; 3% risk of failure)
Confirm with . or Enter, or press ? or * to list all spells.
You erupt in a blast of force!
The mystic blast hits the orc knight but does no damage.
Your battlesphere fires!
The barrage of energy hits the orc knight.
The orc knight hits you with a +2 great sword of holy wrath!!
You take 26 damage, and have 52/133 hp.
You now have 13/36 mp.
Casting: Iskenderun's Mystic Blast (mildly dangerous; 3% risk of failure)
Confirm with . or Enter, or press ? or * to list all spells.
You erupt in a blast of force!
The mystic blast hits the orc knight but does no damage.
Your battlesphere fires!
The barrage of energy hits the orc knight.
The orc knight hits you with a +2 great sword of holy wrath!!
* * * LOW HITPOINT WARNING * * *
You take 27 damage, and have 25/133 hp.
MASSIVE DAMAGE!!
You now have 10/36 mp.
Casting: Iskenderun's Mystic Blast (mildly dangerous; 3% risk of failure)
Confirm with . or Enter, or press ? or * to list all spells.
You erupt in a blast of force!
The mystic blast hits the orc knight! x2
The orc knight is knocked back by the mystic blast.
You regained 2 hp, and now have 27/133 hp.
You now have 6/36 mp.
What are your orders? t - Shout!
Orders for allies: a - Attack new target. r - Retreat! s - Stop attacking. g - Guard the area. f - Follow me.
Anything else - Cancel.
Okay, then.
Unknown command.
The orc knight no longer looks unusually strong.
You regained 2 hp, and now have 33/133 hp.
You regained 2 hp, and now have 39/133 hp.
Things that are here:
a +0 ring mail; a +0 war axe; an orc skeleton You regained 2 hp, and now have 44/133 hp.
There is a stone staircase leading up here.
You climb upwards.
Your summoned ally is left behind.
Your battlesphere wavers and loses cohesion.
Level annotation: Jorgrun The ogre shouts!
The orc warrior shouts!
You hear a shout!
An orc priest comes into view. It is wielding a +0 falchion.
There is a stone staircase leading down here.
You regained 2 hp, and now have 47/133 hp.
There are monsters nearby!
You feel yourself speed up.
The orc priest shouts!
You hear a howl!
A warg comes into view.
An orc priest comes into view.
It is wielding a +4 short sword of venom.
The orc priest shouts!
The orc priest calls down the wrath of Beogh upon you.
Beogh smites you!
* * * LOW HITPOINT WARNING * * *
The orc priest mumbles some strange prayers to Beogh against you.
Beogh smites you!
* * * LOW HITPOINT WARNING * * *
The orc warrior closely misses you.
You climb downwards.
The orc knight hits you with a +2 great sword of holy wrath!!
You die...

.............#..)#...............
∩.∩...........#.)................
....)........##..)...............
∩.∩.[..............#..(......[...
..............#........[..).[....
..[..........[.).)[.....[.[.[[...
........).#..)[.....)...[.[))[...
...........#.#.............[))...
.)..........#[..@......)..[[)<)..
...............o...........#))...
.<......)....[.............).....
[.#......########################
...#.##....# ...<..#....#
.....##)...# .....#...#.#
.#....#.#..#


You could see an orc knight.

Vanquished Creatures
  An orc warlord (Bailey)
  A hydra (D:11)
  3 two-headed ogres
  A boulder beetle (D:12)
  4 orc high priests (Orc:2)
  Urug (D:11)
  6 orc knights (Orc:2)
  Pikel (D:6)
  A deep elf pyromancer (D:12)
  An ugly thing (D:12)
  An orc sorcerer (Orc:1)
  A cyclops (D:12)
  3 kobold blastminers (Orc:2)
  Maurice (D:12)
  A moth of wrath (shapeshifter) (D:12)
  Jeremiah (D:8)
  4 trolls
  Grinder (D:6)
  5 slime creatures (D:12)
  4 wyverns
  4 wraiths
  Eustachio (D:6)
  14 yaks
  2 wargs
  17 vampire mosquitoes
  A water moccasin (D:8)
  34 orc warriors
  6 black bears
  2 ice beasts (D:6)
  8 ogres
  A wolf (D:8)
  6 centaurs
  A lemure (D:6)
  A gnoll sergeant (D:12)
  A kobold brigand (D:9)
  4 bullfrogs
  4 scorpions
  11 wights
  9 killer bees
  An electric eel (D:9)
  2 howler monkeys
  2 bombardier beetles (D:5)
  3 jellies
  5 hounds
  27 orc priests
  5 iguanas
  20 orc wizards
  7 gnolls
  9 adders
  3 white imps
  An ufetubus (D:7)
  A dart slug (D:3)
  A ribbon worm (D:2)
  110 orcs
  5 ball pythons
  4 endoplasms
  3 giant cockroaches
  6 goblins
  7 hobgoblins
  6 jackals
  22 kobolds
  5 quokkas
  A bat (D:3)
  7 frilled lizards
  2 rats
434 creatures vanquished.

Vanquished Creatures (others)
  16 fulminant prisms
16 creatures vanquished.

Grand Total: 450 creatures vanquished

Notes
Turn   | Place    | Note
-------+----------+-------------------------------------------
     0 | D:1      | IndexError the Oni Conjurer began the quest for the Orb.
     0 | D:1      | Reached XP level 1. HP: 16/16 MP: 3/3
    96 | D:1      | HP: 4/16 [kobold/+0 short sword (2)]
   281 | D:1      | Reached XP level 2. HP: 24/24 MP: 2/5
   565 | D:1      | Found a faded altar of an unknown god.
   631 | D:1      | Reached skill level 4 in Conjurations
   804 | D:1      | Prayed at the altar of an unknown god.
   804 | D:1      | Became a worshipper of the Shining One
   804 | D:1      | Reached * piety under the Shining One
  1296 | D:2      | Reached skill level 3 in Spellcasting
  1406 | D:2      | Reached XP level 3. HP: 31/31 MP: 4/7
  1509 | D:2      | Identified the +1 dagger of Nightmares {heavy, *Slow Int+2
                  | Dex+5}
  1603 | D:2      | Found Counosesk's Weapon Emporium.
  1659 | D:2      | Found a glowing silver altar of Zin.
  1720 | D:2      | Found Yrabb's Assorted Antiques.
  1944 | D:2      | Learned a level 2 spell: Searing Ray
  2040 | D:3      | Found a burning altar of Makhleb.
  2094 | D:3      | Noticed an ogre
  2107 | D:3      | Killed an ogre
  2108 | D:3      | Reached skill level 5 in Conjurations
  2108 | D:3      | Reached XP level 4. HP: 15/39 MP: 1/9
  2108 | D:3      | Reached XP level 5. HP: 18/45 MP: 1/10
  2386 | D:3      | Reached skill level 4 in Spellcasting
  2551 | D:3      | Found an iron altar of Okawaru.
  2928 | D:4      | Reached XP level 6. HP: 53/53 MP: 7/12
  3022 | D:4      | Got the Guide on Injury
  3327 | D:4      | Reached skill level 6 in Conjurations
  3753 | D:4      | Reached skill level 5 in Spellcasting
  3753 | D:4      | Reached XP level 7. HP: 51/59 MP: 7/14
  3800 | D:4      | Found an ornate altar of the Wu Jian Council.
  4165 | D:5      | Entered Level 5 of the Dungeon
  4234 | D:5      | Reached ** piety under the Shining One
  4427 | D:4      | Reached skill level 7 in Conjurations
  4502 | D:4      | HP: 12/59 [burnt (8)]
  4939 | D:5      | Learned a level 5 spell: Iskenderun's Battlesphere
  4970 | D:5      | Reached skill level 6 in Spellcasting
  5013 | D:5      | Reached XP level 8. HP: 67/67 MP: 11/17
  5296 | D:5      | Found a white marble altar of Elyvilon.
  5665 | D:6      | Reached skill level 8 in Conjurations
  5842 | D:6      | Found a glowing golden altar of the Shining One.
  5844 | D:6      | Noticed Grinder
  5854 | D:6      | Killed Grinder
  5855 | D:6      | Reached skill level 7 in Spellcasting
  5901 | D:6      | Noticed Eustachio
  5913 | D:6      | Killed Eustachio
  5973 | D:6      | Found a staircase to the Ecumenical Temple.
  6067 | D:6      | Noticed a wraith
  6075 | D:6      | Reached skill level 9 in Conjurations
  6101 | D:6      | Killed a wraith
  6102 | D:6      | Reached XP level 9. HP: 74/74 MP: 15/20
  6223 | D:6      | Noticed a two-headed ogre
  6247 | D:6      | Killed a two-headed ogre
  6248 | D:6      | Reached skill level 8 in Spellcasting
  6248 | D:6      | Reached skill level 10 in Conjurations
  6364 | D:6      | Learned a level 4 spell: Fulminant Prism
  6370 | D:6      | Learned a level 4 spell: Iskenderun's Mystic Blast
  6643 | D:6      | Reached skill level 9 in Spellcasting
  6643 | D:6      | Reached skill level 1 in Invocations
  6710 | D:6      | Found a broken altar of Ashenzari.
  6770 | D:6      | Found a snail-covered altar of Cheibriados.
  6783 | D:6      | Noticed Pikel
  6790 | D:6      | Killed Pikel
  6791 | D:6      | Reached skill level 3 in Invocations
  6866 | D:6      | Reached XP level 10. HP: 81/81 MP: 23/23
  7064 | D:7      | Reached skill level 4 in Invocations
  7133 | D:7      | Found a flagged portal.
  7149 | Bailey   | Entered a bailey
  7253 | Bailey   | Noticed an orc warlord
  7282 | Bailey   | Reached skill level 10 in Spellcasting
  7402 | Bailey   | Found a runed translucent gate.
  7405 | Bailey   | Found a runed translucent gate.
  7407 | Bailey   | Found a runed translucent gate.
  7414 | Bailey   | Reached skill level 5 in Invocations
  7625 | Bailey   | Killed an orc warlord
  7626 | Bailey   | Reached skill level 7 in Invocations
  7749 | D:7      | Acquired the amulet of Bixzagg {Acrobat rF+ Will+ Str+2
                  | Dex-4}
  7774 | D:7      | Reached skill level 1 in Fighting
  8189 | D:7      | Reached *** piety under the Shining One
  8192 | D:7      | Reached skill level 2 in Fighting
  8298 | D:7      | Reached skill level 8 in Invocations
  8371 | D:7      | Reached skill level 3 in Fighting
  8387 | D:7      | Reached skill level 4 in Fighting
  9019 | D:8      | Noticed Jeremiah
  9021 | D:8      | Reached skill level 5 in Fighting
  9022 | D:8      | Reached skill level 6 in Fighting
  9028 | D:8      | Reached skill level 7 in Fighting
  9378 | D:8      | Noticed a two-headed ogre
  9379 | D:8      | Reached skill level 8 in Fighting
  9386 | D:8      | Killed a two-headed ogre
  9387 | D:8      | Reached skill level 9 in Fighting
  9387 | D:8      | Reached XP level 11. HP: 101/115 MP: 15/25
  9505 | D:8      | Found a staircase to the Lair.
  9768 | D:8      | Found a glowing silver altar of Zin.
  9809 | D:8      | Killed Jeremiah
  9810 | D:8      | Reached skill level 10 in Fighting
 10171 | D:8      | Found a roughly hewn altar of Beogh.
 10456 | D:8      | Reached **** piety under the Shining One
 10920 | D:9      | Reached skill level 11 in Conjurations
 12199 | D:10     | Entered Level 10 of the Dungeon
 12748 | D:10     | Reached skill level 12 in Conjurations
 13750 | D:11     | Found a staircase to the Orcish Mines.
 13799 | D:10     | Reached ***** piety under the Shining One
 13802 | D:10     | HP: 29/117 [warg (19)]
 13804 | D:10     | Reached skill level 1 in Armour
 14123 | D:11     | Noticed a two-headed ogre
 14126 | D:11     | Killed a two-headed ogre
 14127 | D:11     | Reached skill level 2 in Armour
 14219 | D:11     | Reached XP level 12. HP: 126/126 MP: 26/26
 14508 | D:11     | Reached skill level 3 in Armour
 14694 | D:11     | Noticed Urug
 14704 | D:11     | Killed Urug
 14979 | D:12     | Noticed a four-headed hydra
 14989 | D:11     | Killed a four-headed hydra
 14990 | D:11     | Reached skill level 4 in Armour
 15096 | D:12     | Reached skill level 13 in Conjurations
 15431 | D:12     | Noticed Maurice
 15436 | D:12     | Killed Maurice
 15543 | D:12     | Noticed a boulder beetle
 15559 | D:12     | Killed a boulder beetle
 15560 | D:12     | Reached skill level 5 in Armour
 15560 | D:12     | Reached skill level 9 in Invocations
 16057 | D:11     | Reached skill level 6 in Armour
 16184 | D:12     | Reached skill level 10 in Invocations
 16196 | D:12     | Noticed a boulder beetle
 16446 | Orc:1    | Entered Level 1 of the Orcish Mines
 16661 | Orc:1    | Found Daclyuh's Assorted Antiques.
 16892 | Orc:2    | Entered Level 2 of the Orcish Mines
 17043 | Orc:2    | Found a roughly hewn altar of Beogh.
 17066 | Orc:2    | Found a staircase to the Elven Halls.
 17132 | Orc:2    | Reached skill level 7 in Armour
 17132 | Orc:2    | Reached XP level 13. HP: 118/133 MP: 24/27
 17311 | Orc:2    | Reached skill level 11 in Invocations
 17469 | Orc:2    | Reached ****** piety under the Shining One
 18071 | Orc:2    | Reached skill level 8 in Armour
 18105 | Orc:2    | Reached skill level 12 in Invocations
 18255 | Orc:2    | Found Takoygem's General Store.
 18468 | Orc:1    | Noticed Jorgrun
 18702 | Orc:2    | Reached skill level 9 in Armour
 18753 | Orc:2    | HP: 25/133 [orc knight/+2 great sword of holy wrath (28)]
 18773 | Orc:1    | HP: 22/133 [orc priest/divine providence (13)]
 18774 | Orc:2    | Slain by an orc knight

Illustrated notes

Levels and vault maps discovered:
D:1:      dpeg_arrival_radiant, layout_basic, hellmonk_ecumenical_altar_zigzags
D:2:      layout_rooms, basic_altar, serial_shops, nicolae_square_shop,
          nicolae_shop_bloodbath_and_beyond, hex_large
D:3:      layout_rooms, mainiacjoe_overflow_cross_hatched,
          okawaru_metal_pillars_3
D:4:      layout_cave_pods, mainiacjoe_overflow_alcove_2
D:5:      layout_cave_pools, overflow_temple_1_default
D:6:      minmay_chambers_of_sixes, layout_gridville,
          mainiacjoe_overflow_alcove_4, nicolae_ashenzari_skybound,
          general_overflow_altar, temple_doors_e, nicolae_nh_ransacked_shop,
          uniq_grinder, uniq_pikel, uniq_eustachio
D:7:      kb_forest_paths, layout_loops_ring, enter_bailey_3
D:8:      layout_cave_pods, mainiacjoe_overflow_paths, minmay_lair_entry_grove,
          special_room [special_room_orc], uniq_jeremiah
D:9:      layout_basic
D:10:     layout_basic
D:11:     layout_roguey [special_room_orc], david_orc_3, uniq_urug
D:12:     layout_long_grid, kennysheep_kite_vault, uniq_maurice
Orc:1:    layout_caves, basic_altar, serial_shops,
          nicolae_shop_overgrown_old_shop, uniq_jorgrun
Orc:2:    st_orc_pillars, layout_caves, serial_shops,
          nicolae_shop_competitors_out_of_business, basic_altar

Skill      XL: |  1  2  3  4  5  6  7  8  9 10 11 12 13 |
---------------+----------------------------------------+-----
Conjurations   | 4 5 6 7 9 10 12 13 | 13.0
Spellcasting   | 3 4 5 6 7 9 10 | 10.0
Invocations    | 3 8 10 12 | 12.0
Fighting       | 9 10 | 10.0
Armour         | 2 7 9 |  9.1
Dodging        | |  1.7
Stealth        | |  1.4

Action                     |  1- 3 |  4- 6 |  7- 9 | 10-12 | 13-15 || total
---------------------------+-------+-------+-------+-------+-------++-------
  Melee: Unarmed           |    19 |       |       |       |       ||    19
         Headbutt          |     3 |       |     3 |     8 |       ||    14
         Spear             |     6 |       |       |       |       ||     6
         Dagger            |     3 |       |     6 |    29 |       ||    38
   Cast: Magic Dart        |    58 |    68 |    96 |   382 |   171 ||   775
         Searing Ray       |     1 |     5 |    23 |    18 |     3 ||    50
         Iskenderun's Batt |       |       |    10 |    79 |    27 ||   116
         Fulminant Prism   |       |       |     2 |    15 |       ||    17
         Iskenderun's Myst |       |       |       |    63 |    11 ||    74
  Evoke: Wand              |       |       |       |     1 |       ||     1
    Use: Scroll            |       |       |       |    21 |       ||    21
         Potion            |       |       |       |     1 |     1 ||     2
 Armour: Robe              |    19 |     9 |    52 |   117 |       ||   197
         Troll leather arm |       |       |       |   160 |    73 ||   233
  Dodge: Dodged            |    18 |    10 |    38 |   168 |    28 ||   262

Table legend: (Time is in decaauts)
 A = Elapsed time spent in this place.
 B = Non-inter-level travel time spent in this place.
 C = Inter-level travel time spent in this place.
 D = Time resting spent in this place.
 E = Time spent auto-exploring this place.
 F = Levels seen in this place.
 G = Mean time per level.
                   A        B        C        D        E       F      G
               +--------+--------+--------+--------+--------+-----+--------+
         Total |  18824 |  17583 |   1241 |    214 |  14877 |  15 | 1254.9 |
       Dungeon |  15889 |  14660 |   1229 |      0 |  12839 |  12 | 1324.1 |
  Orcish Mines |   2337 |   2325 |     12 |    195 |   1571 |   2 | 1168.5 |
        Bailey |    597 |    597 |      0 |     19 |    466 |   1 |  597.0 |
               +--------+--------+--------+--------+--------+-----+--------+

Top non-repeatable levels by time:
     D:4: 1835 daAuts
    D:10: 1777 daAuts
    D:11: 1627 daAuts
     D:9: 1608 daAuts
     D:7: 1582 daAuts
     D:8: 1507 daAuts
   Orc:2: 1456 daAuts
     D:6: 1384 daAuts
     D:1: 1354 daAuts
     D:5: 994 daAuts
   Orc:1: 880 daAuts
     D:3: 825 daAuts
    D:12: 736 daAuts
     D:2: 655 daAuts
  Bailey: 597 daAuts

Levels and vault maps discovered:
D:1:      dpeg_arrival_radiant, layout_basic, hellmonk_ecumenical_altar_zigzags
D:2:      layout_rooms, basic_altar, serial_shops, nicolae_square_shop,
          nicolae_shop_bloodbath_and_beyond, hex_large
D:3:      layout_rooms, mainiacjoe_overflow_cross_hatched,
          okawaru_metal_pillars_3
D:4:      layout_cave_pods, mainiacjoe_overflow_alcove_2
D:5:      layout_cave_pools, overflow_temple_1_default
D:6:      minmay_chambers_of_sixes, layout_gridville,
          mainiacjoe_overflow_alcove_4, nicolae_ashenzari_skybound,
          general_overflow_altar, temple_doors_e, nicolae_nh_ransacked_shop,
          uniq_grinder, uniq_pikel, uniq_eustachio
D:7:      kb_forest_paths, layout_loops_ring, enter_bailey_3
D:8:      layout_cave_pods, mainiacjoe_overflow_paths, minmay_lair_entry_grove,
          special_room [special_room_orc], uniq_jeremiah
D:9:      layout_basic
D:10:     layout_basic
D:11:     layout_roguey [special_room_orc], david_orc_3, uniq_urug
D:12:     layout_long_grid, kennysheep_kite_vault, uniq_maurice
Orc:1:    layout_caves, basic_altar, serial_shops,
          nicolae_shop_overgrown_old_shop, uniq_jorgrun
Orc:2:    st_orc_pillars, layout_caves, serial_shops,
          nicolae_shop_competitors_out_of_business, basic_altar

Table legend: (Time is in decaauts)
 A = Elapsed time spent in this place.
 B = Non-inter-level travel time spent in this place.
 C = Inter-level travel time spent in this place.
 D = Time resting spent in this place.
 E = Time spent auto-exploring this place.
 F = Levels seen in this place.
 G = Mean time per level.
                   A        B        C        D        E       F      G
               +--------+--------+--------+--------+--------+-----+--------+
         Total |  18824 |  17583 |   1241 |    214 |  14877 |  15 | 1254.9 |
       Dungeon |  15889 |  14660 |   1229 |      0 |  12839 |  12 | 1324.1 |
  Orcish Mines |   2337 |   2325 |     12 |    195 |   1571 |   2 | 1168.5 |
        Bailey |    597 |    597 |      0 |     19 |    466 |   1 |  597.0 |
               +--------+--------+--------+--------+--------+-----+--------+

Top non-repeatable levels by time:
     D:4: 1835 daAuts
    D:10: 1777 daAuts
    D:11: 1627 daAuts
     D:9: 1608 daAuts
     D:7: 1582 daAuts
     D:8: 1507 daAuts
   Orc:2: 1456 daAuts
     D:6: 1384 daAuts
     D:1: 1354 daAuts
     D:5: 994 daAuts
   Orc:1: 880 daAuts
     D:3: 825 daAuts
    D:12: 736 daAuts
     D:2: 655 daAuts
  Bailey: 597 daAuts

Table legend:
 A = Kills in this place as a percentage of kills in the entire game.
 B = Kills by you in this place as a percentage of kills by you in the entire game.
 C = Kills by friends in this place as a percentage of kills by friends in the entire game.
 D = Other kills in this place as a percentage of other kills in the entire game.
 E = Experience gained in this place as a percentage of experience gained in the entire game.
 F = Experience gained in this place divided by the number of levels of this place that you have seen.
                   A       B       C       D       E      F
               +-------+-------+-------+-------+-------+----------------------
         Total | 100.0 | 100.0 |   N/A |   N/A | 100.0 | 2821.8
       Dungeon |  75.3 |  75.3 |   N/A |   N/A |  65.6 | 2313.4
  Orcish Mines |  20.8 |  20.8 |   N/A |   N/A |  30.7 | 6505.5
        Bailey |   3.9 |   3.9 |   N/A |   N/A |   3.7 | 1555.0
               +-------+-------+-------+-------+-------+----------------------
